 Dungeon Crawl Stone Soup version 0.29.0-7-g18a832c13a (webtiles) character file.

Game seed: 16054548580929802267

354 Cummy the Trooper (level 6, -3/51 HPs)
             Began as a Palentonga Berserker on Aug 30, 2022.
             Was a Priest of Trog.
             Succumbed to Dowan's poison
             ... on level 4 of the Dungeon.
             The game lasted 00:11:59 (4185 turns).

Cummy the Trooper (Palentonga Berserker)            Turns: 4185, Time: 00:12:02

Health: -3/51      AC:  7    Str: 27    XL:     6   Next: 35%
Magic:  6/6        EV:  9    Int:  7    God:    Trog [***...]
Gold:   275        SH:  0    Dex: 14    Spells: 5/5 levels left

rFire   . . .      SeeInvis +   j - +5 mace of the Spinneret {vorpal, rPois Str+3 Dex+4}
rCold   . . .      Faith    .   (no shield)
rNeg    . . .      Spirit   .   d - +0 ring mail
rPois   +          Reflect  .   (no helmet)
rElec   .          Harm     .   (no cloak)
rCorr   .          Rampage  .   t - +0 pair of gloves
Will    .....                   (no barding)
Stlth   +.........              (no amulet)
HPRegen 0.17/turn               (no ring)
MPRegen 0.10/turn               (no ring)

@: lethally poisoned (-3 -> -18), lit by a corona, glowing
A: large, rugged brown scales 3, see invisible, deformed body, roll 1, armoured
tail
a: Rolling Charge, Renounce Religion, Berserk, Trog's Hand


You were on level 4 of the Dungeon.
You worshipped Trog.
Trog was most pleased with you.
You visited 1 branch of the dungeon, and saw 5 of its levels.
You also visited: Sewer.

You collected 275 gold pieces.

Inventory:

Hand Weapons
 a - a +0 hand axe
 j - the +5 mace of the Spinneret (weapon) {vorpal, rPois Str+3 Dex+4}
   (You found it on level 2 of the Dungeon)

   It inflicts extra damage upon your enemies.
   Str:       It affects your strength (+3).
   Dex:       It affects your dexterity (+4).
   rPois:     It protects you from poison.
Armour
 b - a +0 animal skin
 d - a +0 ring mail (worn)
 t - a +0 pair of gloves (worn)
Wands
 r - a wand of charming (6)
Scrolls
 c - 2 scrolls of blinking
 f - a scroll of poison {unknown}
 h - 4 scrolls of identify
 k - a scroll of acquirement {unknown}
 o - 2 scrolls of amnesia
 p - a scroll of fear
 s - 2 scrolls of fog
 x - a scroll of torment {unknown}
Potions
 e - a potion of ambrosia
 i - a potion of degeneration {unknown}
 l - 2 potions of haste
 m - 5 potions of curing {unknown}
 q - a potion of attraction {unknown}
 u - a potion of brilliance {unknown}
 w - a potion of flight {unknown}


   Skills:
 + Level 4.1 Fighting
 + Level 3.9(4.6) Axes
 + Level 3.6(4.5) Maces & Flails
 + Level 2.8 Armour
 + Level 2.1 Dodging
 + Level 0.1 Stealth


You had 5 spell levels left.
You didn't know any spells.
Your spell library was empty.

Dungeon Overview and Level Annotations

Branches:
Dungeon (5/15)              Sewer (visited)
 Temple: D:4-7

Altars:
Kikubaaqudgha
Wu Jian

Annotations:
D:4 Dowan, Duvessa


Innate Abilities, Weirdness & Mutations

You are completely covered in rugged brown scales. (AC +3, +7% HP)
You have supernaturally acute eyesight. (SInv)
Armour fits poorly on your strangely shaped body.
You can roll at nearby foes to attack.
You have a long armoured tail.


Message History

Dowan hits you with a +3 dagger of venom.
You hit Dowan.
Your tail-slap misses Dowan.
Dowan is moderately wounded.
Duvessa hits you with a +0 short sword. Dowan hits you but does no damage.
Duvessa hits you with a +0 short sword! Dowan hits you but does no damage.
You sock Dowan!
Your tail-slap misses Dowan.
Dowan is heavily wounded.
Duvessa hits you with a +0 short sword. Duvessa hits you but does no damage.
Dowan hits you with a +3 dagger of venom.
You miss Dowan.
Dowan is heavily wounded.
Duvessa says, "Where magic fails, the sword succeeds!"
Duvessa closely misses you.
Dowan hits you with a +3 dagger of venom.
Duvessa closely misses you.
You hit Dowan.
Dowan is severely wounded.
Duvessa hits you with a +0 short sword.
Dowan hits you with a +3 dagger of venom!
* * * LOW HITPOINT WARNING * * *
You are lethally poisoned!
Duvessa attacks as you move away! Duvessa hits you but does no damage.
* * * LOW HITPOINT WARNING * * *
You feel very sick.
Dowan mumbles some strange words.
Dowan blinks!
Duvessa hits you with a +0 short sword!
* * * LOW HITPOINT WARNING * * *
You feel much better.
You feel sick. Duvessa barely misses you.
You feel sick.
Duvessa says, "Where magic fails, the sword succeeds!"
Dowan barely misses you. Duvessa hits you with a +0 short sword.
* * * LOW HITPOINT WARNING * * *
There is a stone staircase leading up here.
You feel sick. Duvessa hits you with a +0 short sword.
* * * LOW HITPOINT WARNING * * *
Dowan hits you with a +3 dagger of venom.
* * * LOW HITPOINT WARNING * * *
You are more poisoned.
You climb upwards.
You die...

##.### ##...#...###.## ###
##...###....#........###..
#..(........#.............
##...##......##............
#...####......##...........
##..## #....................
#..## ##.....#..............
######.##
#.....e.###...........
#...#.##
##...e@...#............
###...#
##...:###...............
##.#####.....#
##......###..#..
#....##.....##
###...###..###.
####........#####
#...##...####
##...........####........###
##............###....##...##
##...............#..####....#
#...................####.....


You could see Duvessa (fast) and Dowan.

Vanquished Creatures
  2 scorpions (D:5)
  A hound (D:4)
  2 orc wizards
  A hell rat (Sewer)
  5 adders
  2 river rats
  2 dart slugs
  6 orcs
  5 bats
  5 endoplasms
  4 giant cockroaches
  5 goblins
  10 hobgoblins
  2 quokkas (D:1)
  8 ball pythons
  3 frilled lizards
  5 kobolds
  5 rats
73 creatures vanquished.

Notes
Turn   | Place    | Note
-------+----------+-------------------------------------------
     0 | D:1      | Cummy the Palentonga Berserker began the quest for the Orb.
     0 | D:1      | Reached XP level 1. HP: 19/19 MP: 1/1
   194 | D:1      | Reached XP level 2. HP: 25/25 MP: 2/2
   968 | D:2      | Identified the +5 mace of the Spinneret {vorpal, rPois
                  | Str+3 Dex+4}
  1088 | D:2      | Reached ** piety under Trog
  1188 | D:2      | Reached XP level 3. HP: 30/31 MP: 3/3
  1598 | D:2      | Reached skill level 1 in Maces & Flails
  1952 | D:3      | Reached XP level 4. HP: 30/37 MP: 4/4
  2515 | D:3      | Found a faded altar of an unknown god.
  2718 | D:4      | Reached XP level 5. HP: 34/43 MP: 5/5
  2942 | D:4      | Found a glowing drain.
  2961 | Sewer    | Entered a sewer
  2978 | Sewer    | Reached *** piety under Trog
  3291 | D:4      | Found an ornate altar of the Wu Jian Council.
  3354 | D:4      | Reached skill level 4 in Fighting
  3432 | D:4      | Found an ancient bone altar of Kikubaaqudgha.
  4023 | D:5      | Entered Level 5 of the Dungeon
  4033 | D:5      | Reached XP level 6. HP: 43/51 MP: 6/6
  4045 | D:5      | Noticed Dowan
  4048 | D:5      | Noticed Duvessa
  4181 | D:5      | HP: 2/51 [Duvessa/+0 short sword (7)]
  4185 | D:4      | Succumbed to Dowan's poison

Illustrated notes

Levels and vault maps discovered:
D:1:      reono_arrival_forest_river, layout_basic
D:2:      minmay_chambers_of_twos, layout_loops_ring, dk_vineyard_3
D:3:      layout_rooms, shapermc_ecumenical_altar_mp_ritualfount, minmay_unequal
D:4:      layout_layer_cave, nicolae_wu_jian_wuxing_cycle,
          kiku_gazebo_pond_becter, cheibrodos_sewer_entry_sluice,
          dreamdust_wishing_well, st_stairs_8
D:5:      layout_loops_ring, mainiacjoe_overflow_six_doors_small,
          minmay_joined_circles, uniq_duvessa

Skill      XL: |  1  2  3  4  5 |
---------------+----------------+-----
Dodging        | 2 |  2.1
Maces & Flails | 1 2 3 |  3.6
Armour         | 2 |  2.8
Fighting       | 4 |  4.1
Axes           | |  3.9
Stealth        | |  0.1

Action                   |  1- 3 |  4- 6 || total
-------------------------+-------+-------++-------
Melee: Hand axe          |    55 |       ||    55
       Tailslap          |    10 |     8 ||    18
       Mace              |    32 |    94 ||   126
       Punch             |     2 |       ||     2
 Abil: Rolling Charge    |     4 |     3 ||     7
  Use: Scroll            |       |     8 ||     8
       Potion            |       |     2 ||     2
Armor: Ring mail         |    45 |    66 ||   111
       Animal skin       |     3 |       ||     3
Dodge: Dodged            |    65 |    50 ||   115
